 Dungeon Crawl Stone Soup version 0.31.0 (webtiles) character file.

Game seed: 12860070237569191722

72 qw the Shooter (level 4, 0/28 HPs)
             Began as a Gargoyle Hunter on Jan 19, 2024.
             Slain by a goblin
             ... wielding a +0 dagger
             ... led by Robin
              (4 damage)
             ... on level 2 of the Dungeon.
             The game lasted 00:00:06 (1318 turns).

qw the Shooter (Gargoyle Hunter)                    Turns: 1318, Time: 00:00:06

Health: 0/28       AC:  8    Str: 14    XL:     4   Next: 25%
Magic:  4/4        EV: 10    Int: 10    God:
Gold:   100        SH:  0    Dex: 15    Spells: 3/3 levels left

rFire   . . .        a - +0 shortbow
rCold   . . .        (shield currently unavailable)
rNeg    + . .        d - +0 ring mail
rPois   inf          (no helmet)
rElec   +            (no cloak)
rCorr   .            (no gloves)
SInv    .            (no boots)
Will    .....        (no amulet)
Stlth   +            (no ring)
HPRegen 0.24/turn    (no ring)
MPRegen 0.09/turn

%: no passive effects
@: no status effects
A: sickness immunity, AC +3, negative energy resistance 1, electricity
resistance, torment resistance 1, petrification resistance
a: no special abilities


You were on level 2 of the Dungeon.
You visited 1 branch of the dungeon, and saw 2 of its levels.

You collected 100 gold pieces.


Innate Abilities, Weirdness & Mutations

You are immune to sickness and miasma.
Your stone body is resilient. (AC +3)
You are immune to poison.
You resist negative energy. (rN+)
You are resistant to electric shocks. (rElec)
You are resistant to unholy torment.
You are immune to petrification.


   Skills:
 - Level 3.0 Fighting
 + Level 5.1 Ranged Weapons
 - Level 1.0 Armour
 - Level 1.5 Dodging
 - Level 1.1 Stealth


You had 3 spell levels left.
You didn't know any spells.
Your spell library was empty.

Inventory:

Hand Weapons
 a - a +0 shortbow (weapon)
Armour
 d - a +0 ring mail (worn)
Scrolls
 b - a scroll of amnesia {unknown}
 c - 2 scrolls of identify {unknown}
 f - a scroll of fog {unknown}
 g - a scroll of teleportation {unknown}
Potions
 e - a potion of lignification {unknown}

Dungeon Overview and Level Annotations

Branches:
Dungeon (2/15)

Altars:

Annotations:
D:2 1 runed translucent door, Crazy Yiuf, Robin


Message History

The hobgoblin is almost dead.
The goblin misses you. The hobgoblin hits you.
Robin says, "Bow before me, strongest of all the hobgoblins!"
The hobgoblin hits you but does no damage.
You shoot an arrow. The arrow hits the hobgoblin.
You kill the hobgoblin!
The goblin hits you with a +0 club. The goblin barely misses you.
The hobgoblin hits you.
You shoot an arrow. The arrow hits the goblin!
You kill the goblin!
The hobgoblin misses you. The goblin completely misses you. x2
The goblin hits you with a +0 club. The hobgoblin hits you.
The goblin hits you but does no damage. The hobgoblin completely misses you.
You shoot an arrow.
The arrow hits the hobgoblin but does no damage.
The hobgoblin barely misses you. x2; The goblin closely misses you.
Robin throws the goblin at you! The goblin barely misses you.
You shoot an arrow. The arrow hits the hobgoblin.
The hobgoblin is almost dead.
The goblin no longer looks unusually strong.
The hobgoblin closely misses you. x2; The goblin barely misses you. x2
You shoot an arrow. The arrow closely misses the hobgoblin.
The hobgoblin closely misses you. x2; The goblin completely misses you.
Robin roars a battlecry!
The goblin goes into a battle-frenzy!
The goblin hits you but does no damage.
You shoot an arrow. The arrow hits the hobgoblin.
You kill the hobgoblin!
The hobgoblin no longer looks unusually strong.
The goblin no longer looks unusually strong.
The hobgoblin hits you. Robin barely misses you.
The goblin hits you but does no damage. The goblin hits you with a +0 dagger.
The goblin hits you but does no damage. The goblin barely misses you.
The hobgoblin hits you but does no damage.
You shoot an arrow. The arrow hits Robin.
Robin is moderately wounded.
Robin roars a battlecry!
The hobgoblin goes into a battle-frenzy!
The hobgoblin misses you. The goblin hits you with a +0 dagger.
You die...

###.................#
#........##<#########
#........##.#
#........##.#
###########.# #.#
#.##### #...gg#
#####@#
......gg).?....
.........%.....
....)..........
...)...........
............###
............#
!.......#####


You could see Robin, a hobgoblin (strong) and 2 goblins.

Vanquished Creatures
  3 dart slugs
  A ribbon worm (D:2)
  6 ball pythons
  7 bats
  4 endoplasms
  5 giant cockroaches
  10 goblins
  7 hobgoblins
  A frilled lizard (D:1)
  4 kobolds (D:1)
  8 rats
56 creatures vanquished.

Notes
Turn   | Place    | Note
-------+----------+-------------------------------------------
     0 | D:1      | qw the Gargoyle Hunter began the quest for the Orb.
     0 | D:1      | Reached XP level 1. HP: 12/12 MP: 1/1
     0 | D:1      | 0 ||| qw: Version: 0.3-a-132-g3d54051
     0 | D:1      | 0 ||| qw: Game counter: 246
     0 | D:1      | 0 ||| qw: Melee chars always use a shield: true
     0 | D:1      | 0 ||| qw: God list: Okawaru
     0 | D:1      | 0 ||| qw: Allow faded altars: false
     0 | D:1      | 0 ||| qw: Do Orc after clearing Dungeon:15 true
     0 | D:1      | 0 ||| qw: Do second Lair branch before Depths: true
     0 | D:1      | 0 ||| qw: Lair rune preference: random
     0 | D:1      | 0 ||| qw: Goals: Normal
     0 | D:1      | 0 ||| PLANNING D:1-11
   169 | D:1      | Reached XP level 2. HP: 17/17 MP: 2/2
   434 | D:1      | Reached XP level 3. HP: 19/21 MP: 3/3
   512 | D:1      | Reached skill level 5 in Ranged Weapons
   733 | D:1      | 733 ||| UPGRADING to +0 ring mail.
   743 | D:1      | 743 ||| DROPPING +0 leather armour.
   744 | D:1      | 744 ||| DROPPING scroll of butterflies.
   791 | D:2      | 791 ||| STAIRDANCE
   796 | D:2      | 796 ||| STAIRDANCE
   805 | D:2      | 805 ||| STAIRDANCE
   813 | D:2      | 813 ||| STAIRDANCE
   909 | D:2      | Found a runed translucent door.
   910 | D:2      | Noticed Crazy Yiuf
   927 | D:2      | Reached skill level 1 in Armour
  1104 | D:2      | Reached XP level 4. HP: 27/27 MP: 4/4
  1106 | D:2      | Reached skill level 3 in Fighting
  1302 | D:2      | Noticed Robin
  1314 | D:2      | HP: 7/28 [Robin/goblin (1)]
  1317 | D:2      | HP: 3/28 [goblin/+0 dagger[Robin] (1)]
  1318 | D:2      | Slain by a goblin

Levels and vault maps discovered:
D:1:      giann_wishing_wells, layout_basic, chequers_serial_rivers_room_a
D:2:      layout_basic, uniq_crazy_yiuf_cottage, uniq_robin

Skill      XL: |  1  2  3  4 |
---------------+-------------+-----
Ranged Weapons | 5 |  5.1
Armour         | 1 |  1.0
Fighting       | 3 |  3.0
Dodging        | |  1.5
Stealth        | |  1.1

Action                     |  1- 3 |  4- 6 || total
---------------------------+-------+-------++-------
   Fire: Shortbow          |   141 |    29 ||   170
 Armour: Leather armour    |    40 |       ||    40
         Ring mail         |    17 |    26 ||    43
  Dodge: Dodged            |    64 |    31 ||    95

Table legend:
 A = Non-vault XP
 B = Vault XP
 C = Vault XP percentage of total XP
 D = Non-vault monster count
 E = Vault monster count
 F = Vault count percentage of total count
                 A         B        C        D         E       F
            +---------+---------+-------+---------+---------+-------
      Total |      89 |      14 |  13.6 |      49 |       7 |  12.5
            +---------+---------+-------+---------+---------+-------
        D:1 |      66 |       0 |   0.0 |      38 |       0 |   0.0
        D:2 |      23 |      14 |  37.8 |      11 |       7 |  38.9
            +---------+---------+-------+---------+---------+-------
